General information
- name: BNet
- type: Ladder team game (AT/RT)
- host: Battle.net
- saver: GODIEPLZ
map: SilverpineForest
- players: 6
- length: 16:09
- speed: Fast
- version: 1.24 W3XP
- replay type: Public
» download(126 KB)
Players
team 1 (winner)
Fr0sty- (
pink | 75 APM | 1204 actions | 16:09)
2 Priestess of the Moon
1 Searing Arrows
1 Trueshot Aura
» actions
| Assign group hotkey | 18 | |
| Basic commands | 69 | |
| Build / train | 48 | |
| Enter build submenu | 9 | |
| Enter hero's abilities submenu | 2 | |
| Remove unit from queue | 2 | |
| Right click | 812 | |
| Select / deselect | 133 | |
| Select group hotkey | 93 | |
| Use ability | 18 | |
1204 total
» units
» buildings
| Altar of Elders | 1 | |
| Moon Well | 4 | |
| Hunter's Hall | 1 | |
| Ancient of War | 2 | |
| Tree of Life | 1 | |
9 total
» build order
00:10 Altar of Elders
00:19 Moon Well
01:37 Hunter's Hall
01:41 Ancient of War
02:04 Ancient of War
02:26 Moon Well
03:38 Moon Well
05:03 Moon Well
09:12 Tree of Life
I-Am-Hacker (
red | 112 APM | 1816 actions | 16:09)
5 Death Knight
3 Death Coil
2 Unholy Aura
4 Lich
2 Frost Nova
2 Frost Armor
4 Pit Lord
2 Rain of Fire
2 Howl of Terror
» actions
| Assign group hotkey | 46 | |
| Build / train | 48 | |
| Enter build submenu | 20 | |
| Enter hero's abilities submenu | 13 | |
| Give item / drop item | 3 | |
| Right click | 683 | |
| Select / deselect | 303 | |
| Select group hotkey | 611 | |
| Use ability | 89 | |
1816 total
» units
| Acolyte | 2 | |
| Ghoul | 1 | |
| Crypt Fiend | 9 | |
| Frost Wyrm | 5 | |
17 total
» upgrades
| Creature Attack | 3 | |
| Burrow | 1 | |
| Web | 1 | |
| Creature Carapace | 2 | |
7 total
» buildings
| Crypt | 1 | |
| Graveyard | 1 | |
| Altar of Darkness | 1 | |
| Ziggurat | 9 | |
| Tomb of Relics | 1 | |
| Halls of the Dead | 1 | |
| Black Citadel | 1 | |
| Sacrificial Pit | 1 | |
| Boneyard | 2 | |
18 total
» build order
00:09 Crypt
00:15 Graveyard
00:23 Altar of Darkness
00:32 Ziggurat
00:47 Tomb of Relics
01:44 Ziggurat
03:18 Halls of the Dead
03:53 Ziggurat
04:28 Ziggurat
05:59 Black Citadel
06:59 Ziggurat
07:01 Sacrificial Pit
08:27 Boneyard
08:28 Boneyard
08:59 Ziggurat
09:03 Ziggurat
09:05 Ziggurat
12:06 Ziggurat
» items
| Rod of Necromancy | 2 | |
| Orb of Corruption | 1 | |
| Pendant of Energy | 1 | |
| Claws of Attack +6 | 1 | |
| Claws of Attack +9 | 1 | |
6 total
i-am-homo (
purple | 62 APM | 1001 actions | 16:09)
5 Keeper of the Grove
3 Entangling Roots
2 Thorns Aura
» actions
| Assign group hotkey | 24 | |
| Basic commands | 10 | |
| Build / train | 32 | |
| Enter build submenu | 11 | |
| Enter hero's abilities submenu | 5 | |
| Remove unit from queue | 1 | |
| Right click | 645 | |
| Select / deselect | 157 | |
| Select group hotkey | 71 | |
| Use ability | 45 | |
1001 total
» units
» buildings
| Altar of Elders | 1 | |
| Moon Well | 4 | |
| Hunter's Hall | 1 | |
| Ancient of War | 2 | |
| Tree of Life | 1 | |
9 total
» build order
00:13 Altar of Elders
00:19 Moon Well
02:00 Hunter's Hall
02:05 Ancient of War
02:12 Ancient of War
02:26 Moon Well
02:44 Moon Well
05:52 Moon Well
14:25 Tree of Life
» items
| Scroll of Town Portal | 1 | |
| Scroll of Healing | 1 | |
| Scroll of Protection | 1 | |
3 total
team 2 (loser)

»
CoLeGePaRtYeR17 (
yellow | 87 APM | 1413 actions | 16:09)
3 Death Knight
2 Death Coil
1 Unholy Aura
1 Lich
1 Frost Nova
» actions
| Assign group hotkey | 38 | |
| Basic commands | 33 | |
| Build / train | 52 | |
| ESC pressed | 1 | |
| Enter build submenu | 11 | |
| Enter hero's abilities submenu | 4 | |
| Remove unit from queue | 1 | |
| Right click | 831 | |
| Select / deselect | 280 | |
| Select group hotkey | 114 | |
| Use ability | 48 | |
1413 total
» units
| Acolyte | 3 | |
| Ghoul | 5 | |
| Crypt Fiend | 22 | |
30 total
» upgrades
| Creature Attack | 2 | |
| Burrow | 1 | |
| Web | 1 | |
4 total
» buildings
| Crypt | 1 | |
| Ziggurat | 4 | |
| Graveyard | 1 | |
| Altar of Darkness | 1 | |
| Tomb of Relics | 1 | |
| Nerubian Tower | 1 | |
| Halls of the Dead | 4 | |
| Black Citadel | 1 | |
| Sacrificial Pit | 1 | |
| Spirit Tower | 1 | |
16 total
» build order
00:07 Crypt
00:19 Ziggurat
00:38 Graveyard
01:03 Altar of Darkness
01:14 Tomb of Relics
01:20 Nerubian Tower
01:53 Ziggurat
03:47 Ziggurat
05:11 Halls of the Dead
05:12 Halls of the Dead
05:12 Halls of the Dead
07:28 Ziggurat
11:05 Black Citadel
12:53 Sacrificial Pit
15:41 Spirit Tower
» items
| Rod of Necromancy | 1 | |
| Scroll of Town Portal | 1 | |
| Potion of Healing | 1 | |
3 total
CORRUPTEDEVIL (
green | 67 APM | 1082 actions | 16:09)
2 Priestess of the Moon
1 Trueshot Aura
1 Scout
» actions
| Assign group hotkey | 94 | |
| Build / train | 30 | |
| ESC pressed | 1 | |
| Enter build submenu | 12 | |
| Enter hero's abilities submenu | 2 | |
| Remove unit from queue | 3 | |
| Right click | 398 | |
| Select / deselect | 250 | |
| Select group hotkey | 258 | |
| Use ability | 34 | |
1082 total
» units
» buildings
| Altar of Elders | 1 | |
| Moon Well | 3 | |
| Hunter's Hall | 1 | |
| Ancient of War | 5 | |
| Tree of Life | 1 | |
11 total
» build order
00:07 Altar of Elders
00:20 Moon Well
01:49 Hunter's Hall
01:55 Ancient of War
02:13 Ancient of War
02:24 Moon Well
02:46 Moon Well
06:41 Ancient of War
07:05 Ancient of War
08:05 Ancient of War
08:23 Tree of Life
GODIEPLZ (
teal | 122 APM | 1966 actions | 16:09)
4 Death Knight
2 Death Coil
2 Unholy Aura
2 Lich
1 Frost Nova
1 Frost Armor
1 Crypt Lord
1 Impale
» actions
| Assign group hotkey | 26 | |
| Basic commands | 118 | |
| Build / train | 48 | |
| Enter build submenu | 17 | |
| Enter hero's abilities submenu | 8 | |
| Give item / drop item | 2 | |
| Remove unit from queue | 1 | |
| Right click | 874 | |
| Select / deselect | 437 | |
| Select group hotkey | 369 | |
| Use ability | 66 | |
1966 total
» units
| Acolyte | 2 | |
| Ghoul | 3 | |
| Crypt Fiend | 10 | |
| Frost Wyrm | 3 | |
18 total
» upgrades
| Creature Attack | 2 | |
| Burrow | 1 | |
| Web | 1 | |
| Creature Carapace | 2 | |
6 total
» buildings
| Crypt | 1 | |
| Graveyard | 1 | |
| Altar of Darkness | 1 | |
| Ziggurat | 6 | |
| Tomb of Relics | 1 | |
| Nerubian Tower | 1 | |
| Halls of the Dead | 1 | |
| Black Citadel | 1 | |
| Sacrificial Pit | 1 | |
| Boneyard | 1 | |
15 total
» build order
00:07 Crypt
00:23 Graveyard
00:36 Altar of Darkness
00:49 Ziggurat
01:14 Tomb of Relics
01:45 Ziggurat
02:08 Nerubian Tower
04:04 Halls of the Dead
04:23 Ziggurat
05:22 Ziggurat
06:38 Black Citadel
07:09 Sacrificial Pit
07:15 Ziggurat
09:01 Boneyard
13:02 Ziggurat
» items
| Rod of Necromancy | 3 | |
| Scroll of Town Portal | 3 | |
| Potion of Healing | 2 | |
| Orb of Corruption | 1 | |
| Scroll of Healing | 1 | |
10 total
Chat log
(00:29 / All) CORRUPTEDEVIL: IM HUMAN
(00:39 / All) i-am-homo: k thx
(00:49 / All) i-am-homo: whos side u on xD
(03:00 / All) CORRUPTEDEVIL: that hurts
(08:58 / All) i-am-homo: gg
(11:23 / All) CORRUPTEDEVIL: ahhhhhhhh
(12:57 / Allies) CORRUPTEDEVIL: I CANT
(12:58 / Allies) CORRUPTEDEVIL: STAND
(13:01 / Allies) CORRUPTEDEVIL: ELF ELF UD ANYMORE
(13:15 / All) CoLeGePaRtYeR17: did you guys make that strat up on your own
(13:23 / All) Fr0sty-: invented it bitches
(13:36 / All) Fr0sty-: as im on the phone and afk hafl the game
(13:45 / All) GODIEPLZ: sure u were
(13:59 / All) Fr0sty-: cant teach that
(14:19 / Allies) CORRUPTEDEVIL: so
(14:30 / Allies) CORRUPTEDEVIL: one of them is like 50-1
(15:01 / All) Fr0sty-: cant teach excellance
(15:43 / All) CORRUPTEDEVIL: U HAVE 5000000 HUNTS JUST RUSH IN
(15:44 / All) CORRUPTEDEVIL: MY GOD
(15:53 / All) Fr0sty-: u have nothing leave
(16:01 / All) CORRUPTEDEVIL: I HAVE AN EXPO
(16:02 / All) Fr0sty-: ill focs main